 Dungeon Crawl Stone Soup version 0.25.1-2-g60ff931df9 (webtiles) character file.

Game seed: 5970677579459519901

235530 funkygono the Peltast (level 18, -1/173 HPs)
             Began as a Minotaur Fighter on July 29, 2020.
             Was the Champion of the Shining One.
             Killed from afar by a starcursed mass (7 damage)
             ... with an accursed screaming
             ... on level 3 of the Abyss on July 30, 2020.
             The game lasted 02:32:44 (46202 turns).

funkygono the Peltast (Minotaur Fighter)           Turns: 46202, Time: 02:32:45

Health: -1/173     AC: 23    Str: 26      XL:     18   Next: 47%
Magic:  0/21       EV: 18    Int: 10      God:    the Shining One [******]
Gold:   2652       SH: 20    Dex: 17 (19) Spells: 17/17 levels left

rFire    . . .     SeeInvis .   a - +6 whip of Fundamental Breach {vorpal, rC+ MR++ Dex+5}
rCold    + . .     Gourm    .   r - +3 kite shield {reflect}
rNeg     + + +     Faith    .   j - +0 swamp dragon scales
rPois    +         Spirit   +   Q - +2 hat
rElec    .         Reflect  +   S - +0 cloak "Gaith" {Int+6 Dex+2} (curse)
rCorr    .         Harm     .   s - +1 pair of gloves
MR       +++..                  h - +1 pair of boots
Stlth    +.........             g - amulet of guardian spirit
HPRegen  0.00/turn              A - +4 ring of protection
MPRegen  0.17/turn              y - ring of poison resistance

@: mighty, non-regenerating, diseased, glowing
A: retaliatory headbutt, horns 2, deterioration 1, dopey 1
}: 2/15 runes: decaying, gossamer
a: Divine Shield, Cleansing Flame, Summon Divine Warrior, Brand Weapon With Holy
Wrath, Renounce Religion


You were on level 3 of the Abyss.
You worshipped the Shining One.
The Shining One was exalted by your worship.
You were hungry.

You visited 7 branches of the dungeon, and saw 33 of its levels.
You visited the Abyss 1 time.
You also visited: Ossuary.

You collected 3784 gold pieces.
You spent 1132 gold pieces at shops.

Inventory:

Hand Weapons
 a - the +6 whip of Fundamental Breach (weapon) {vorpal, rC+ MR++ Dex+5}
   (You bought it in a shop on level 2 of the Orcish Mines)

   It inflicts extra damage upon your enemies.
   It affects your dexterity (+5).
   It protects you from cold.
   It affects your resistance to hostile enchantments.
 b - a +0 fustibalus
 d - a +0 morningstar of flaming
 i - a +5 flail of protection
 L - a +1 hunting sling
 P - the +6 flail of Understanding {flame, Dex-2 SInv Stlth+}
   (You found it on level 3 of the Swamp)

   It has been specially enchanted to burn those struck by it, causing extra
   injury to most foes and up to half again as much damage against particularly
   susceptible opponents.
   It affects your dexterity (-2).
   It lets you see invisible.
   It makes you more stealthy.
Missiles
 e - 1189 stones (quivered)
 t - 124 sling bullets
Armour
 c - a +1 kite shield
 h - a +1 pair of boots (worn)
 j - +0 swamp dragon scales (worn)
 r - a +3 kite shield of reflection (worn)
 s - a +1 pair of gloves (worn)
 w - the +3 ring mail of the Blessed Realm {rElec Int-2 Dex+5 SInv}
   (You found it on level 9 of the Dungeon)

   It affects your intelligence (-2).
   It affects your dexterity (+5).
   It insulates you from electricity.
   It lets you see invisible.
 Q - a +2 hat (worn)
 S - the cursed +0 cloak "Gaith" (worn) {Int+6 Dex+2}
   (You found it on level 4 of the Spider Nest)

   It affects your intelligence (+6).
   It affects your dexterity (+2).
   It has a curse placed upon it.
 T - +0 acid dragon scales
 X - a +2 cloak
Jewellery
 g - an amulet of guardian spirit (around neck)
 l - an uncursed ring of see invisible
 y - a ring of poison resistance (right hand)
 A - a +4 ring of protection (left hand)
 N - a +4 ring of protection
 O - an uncursed ring of protection from fire
 U - an uncursed ring of protection from cold
 V - an uncursed ring of protection from cold
 W - an uncursed ring of flight
Wands
 H - a wand of enslavement (22)
 I - a wand of disintegration (10)
 R - a wand of paralysis (32)
 Z - a wand of polymorph (6)
Scrolls
 k - 2 scrolls of silence
 o - 2 scrolls of identify
 u - 8 scrolls of remove curse
 z - 3 scrolls of blinking
 B - 14 scrolls of teleportation
 D - 7 scrolls of fear
 E - a scroll of amnesia
 F - 8 scrolls of magic mapping
 J - 7 scrolls of fog
Potions
 m - 2 potions of cancellation
 n - a potion of lignification
 p - 12 potions of curing
 q - 6 potions of haste
 C - a potion of might
 G - 8 potions of ambrosia
 K - 8 potions of flight
 M - 3 potions of mutation
 Y - a potion of berserk rage
Comestibles
 f - 36 rations


   Skills:
 + Level 18.4 Fighting
 + Level 17.4 Maces & Flails
 + Level 13.1 Slings
 + Level 12.9 Armour
 + Level 10.3 Dodging
 - Level 1.4 Stealth
 + Level 19.8 Shields
 + Level 6.6 Invocations
 + Level 0.4 Evocations


You had 17 spell levels left.
You didn't know any spells.
Your spell library contained the following spells:

 Spells                   Type           Power        Failure   Level  Hunger
 Animate Skeleton         Necr           N/A          45%         1    ##.....
 Apportation              Tloc           #.....       45%         1    ##.....
 Corona                   Hex            #......      45%         1    ##.....
 Magic Dart               Conj           #...         45%         1    ##.....
 Sandblast                Erth           #.....       45%         1    ##.....
 Summon Small Mammal      Summ           #...         45%         1    ##.....
 Blink                    Tloc           N/A          61%         2    ###....
 Call Imp                 Summ           #.......     61%         2    ###....
 Passwall                 Tmut/Erth      #.......     61%         2    ###....
 Poisonous Vapours        Pois/Air       #.....       61%         2    ###....
 Searing Ray              Conj           #.....       61%         2    ###....
 Slow                     Hex            #.......     61%         2    ###....
 Confusing Touch          Hex            #.......     83%         3    ####...
 Conjure Flame            Conj/Fire      #.......     83%         3    ####...
 Gell's Gravitas          Tloc           #.........   83%         3    ####...
 Mephitic Cloud           Conj/Pois/Air  #.......     83%         3    ####...
 Recall                   Summ/Tloc      N/A          83%         3    ####...
 Animate Dead             Necr           N/A          99%         4    #####..
 Cause Fear               Hex            #.........   99%         4    #####..
 Fulminant Prism          Conj/Hex       #.........   99%         4    #####..
 Hailstorm                Conj/Ice       #.......     99%         4    #####..
 Ice Form                 Ice/Tmut       #.......     99%         4    #####..
 Petrify                  Tmut/Erth      #.......     99%         4    #####..
 Bolt of Magma            Conj/Fire/Erth #.........   100%        5    ######.
 Borgnjor's Vile Clutch   Necr/Erth      #.........   100%        5    ######.
 Lee's Rapid Deconstruct  Erth           #.........   100%        5    ######.
 Metabolic Englaciation   Hex/Ice        #.........   100%        5    ######.
 Silence                  Hex/Air        #.........   100%        5    ######.
 Yara's Violent Unravell  Hex/Tmut       #.........   100%        5    ######.
 Conjure Ball Lightning   Conj/Air       #.........   100%        6    #######
 Death Channel            Necr           #.........   100%        6    #######
 Freezing Cloud           Conj/Ice/Air   #.........   100%        6    #######
 Simulacrum               Ice/Necr       #.........   100%        6    #######
 Statue Form              Tmut/Erth      #........    100%        6    #######
 Ring of Flames           Chrm/Fire      #.........   100%        7    #######
 Discord                  Hex            #.........   100%        8    #######


Dungeon Overview and Level Annotations

Branches:
Dungeon (15/15)            Temple (1/1) D:4            Lair (6/6) D:8
  Swamp (4/4) Lair:2       Spider (4/4) Lair:3        Slime (0/5) Lair:5
    Orc (2/2) D:12            Elf (0/3) Orc:2        Vaults (0/5) D:14
 Depths (1/5) D:15        Ossuary (visited)

Altars:
Ashenzari
Cheibriados
Dithmenos
Elyvilon
Fedhas
Gozag
Hepliaklqana
Kikubaaqudgha
Makhleb
Nemelex Xobeh
Okawaru
Qazlal
Ru
Sif Muna
Trog
Uskayaw
Vehumet
Wu Jian
Xom
Yredelemnul
Zin
The Shining One
Beogh
Jiyva

Shops:
D:13 ?   D:15 *   Orc:2 (*:!


Innate Abilities, Weirdness & Mutations

You reflexively headbutt those who attack you in melee.
You have a pair of horns on your head.
Your body sometimes deteriorates upon taking damage.
You are dopey. (Int -2)


Message History

The tentacle pulls you backwards! You block the raiju's attack.
You block the starspawn tentacle's attack.
The starspawn tentacle grabs you. The starspawn tentacle constricts you.
A starspawn tentacle segment and a raiju come into view.
You can't go up here!
Unknown command.
Unknown command.
The starspawn tentacle's grasp on you weakens, but your attempt to escape fails.
The tentacle pulls you backwards!
The starspawn tentacle loses its grip on you.
The tentacle pulls you backwards! You block the starcursed mass's attack.
The starspawn tentacle completely misses you.
You furiously retaliate!
You headbutt the starspawn tentacle!
A starspawn tentacle segment comes into view.
You block the raiju's attack. You block the starcursed mass's attack.
The blink frog misses you.
You feel ill.
You block the tentacled starspawn's attack. x2
The raiju closely misses you. A chorus of shrieks assaults your mind.
You die...

. .. #....#
......#.###
..#.###...### #
. . ##...h#...#
.# .#
#...#h...###.#
# #
#..#.#hF..#w..#
# ).
#.#.##XXw──#.##
.
.....#..XXX...#
. #.
...##.@h#x.#..#
#.
###.∩##.#.#.# .
.. ##
#.x####..## .#
.. ..... .... .
. . ......
..... .# .
##...... ... ..
. . .. #......
...... # . . #
........ . .


You could see 4 starcursed masses, a tentacled starspawn, 4 raiju, a blink frog,
a small abomination and 2 starspawn tentacles.

Vanquished Creatures
  Nikola (Swamp:3)
  Arachne (Spider:2)
  A lich (Depths:1)
  Donald (Swamp:2)
  A thorn hunter (Swamp:3)
  Kirke (D:14)
  The ghost of Enish the Severer, a journeyman DDFi of Makhleb (Spider:4)
  Roxanne (Swamp:4)
  2 ghost moths (Spider:4)
  A frost giant (D:15)
  Louise (D:15)
  8 emperor scorpions
  Aizul (Spider:4)
  6 entropy weavers
  The ghost of Xiemaice the Destroyer, a journeyman DrFE of Vehumet (Lair:3)
  The ghost of Fifowuza the Grappler, a journeyman DrTm of Wu Jian (Lair:4)
  Azrael (Orc:2)
  A blizzard demon (Abyss:2)
  A spark wasp (Spider:3)
  Erolcha (Orc:2)
  An ogre mage (Orc:1)
  A fire dragon (Lair:6)
  8 vault guards (D:14)
  2 shambling mangroves (Swamp:3)
  23 hydras
  4 centaur warriors
  2 catoblepae
  A death knight (D:14)
  2 two-headed ogres
  3 death yaks (Lair:6)
  10 alligators
  Urug (Lair:3)
  A spriggan berserker (Swamp:3)
  2 large abominations
  5 orc high priests
  A hell knight (Depths:1)
  A deep elf knight (Swamp:3)
  6 skeletal warriors
  4 spriggan druids
  11 swamp dragons
  A glowing orange brain (Abyss:2)
  An unseen horror (D:12)
  A phantasmal warrior (D:14)
  A lindwurm (Lair:6)
  The ghost of billymom2 the Cleaver, a novice HOFi of Beogh (D:6)
  A necromancer (D:11)
  3 orc knights
  17 orb spiders
  2 orc sorcerers
  2 deep elf magi
  36 wolf spiders
  An oklob plant (Lair:2)
  7 ugly things
  2 cyclopes
  3 manticores
  4 moths of wrath
  15 elephants
  6 black mambas
  7 centaur zombies
  A gargoyle (D:15)
  11 spiny frogs
  10 komodo dragons
  9 torpor snails
  13 demonic crawlers
  A kobold demonologist (D:12)
  2 tengu conjurers (Depths:1)
  2 yaktaurs
  An ancient zyme (Abyss:2)
  36 jumping spiders
  A jumping spider (shapeshifter) (D:15)
  13 tyrant leeches
  15 trolls
  4 polar bears (Lair:1)
  24 hornets
  18 blink frogs
  18 slime creatures
  8 bog bodies
  5 raiju
  13 hippogriffs
  2 dream sheep (Lair:6)
  4 flying skulls (D:11)
  A ynoxinul (Abyss:2)
  3 shadows
  32 tarantellas
  78 redbacks
  6 spriggans (Swamp:3)
  2 vampires
  3 wyverns
  8 wraiths
  34 yaks
  A human (D:7)
  A fire elemental (Orc:2)
  4 hogs (D:7)
  2 basilisks
  A chaos spawn (Abyss:3)
  4 hungry ghosts
  Grum (D:8)
  7 vampire mosquitoes
  3 insubstantial wisps
  3 wargs
  14 swamp worms
  3 hell hounds (Orc:2)
  13 water moccasins
  An acid dragon (D:12)
  5 porcupines
  31 orc warriors
  Duvessa (D:4)
  15 swamp drakes
  2 black bears (D:10)
  4 sky beasts
  2 eyes of draining
  A phantom (D:6)
  6 starcursed masses
  A necrophage (D:10)
  3 ice beasts
  17 ogres
  5 wolves
  7 centaurs
  A centaur (shapeshifter) (D:15)
  4 big kobolds
  12 crocodiles
  Blork the orc (D:4)
  19 bullfrogs
  Dowan (D:4)
  A water moccasin skeleton (D:11)
  10 scorpions
  15 killer bees
  4 howler monkeys
  7 wights
  5 electric eels
  8 crimson imps
  A bullfrog zombie (D:12)
  5 jellies
  A gnoll shaman (D:8)
  7 hounds
  9 centaur skeletons
  30 orc priests
  5 bullfrog skeletons
  3 iguanas
  37 orc wizards
  10 worker ants
  A big kobold zombie (Ossuary)
  A hound zombie (D:11)
  A hound skeleton (D:11)
  8 mummies (Ossuary)
  4 worker ant zombies
  21 gnolls
  A howler monkey skeleton (D:11)
  7 adders
  A river rat (D:6)
  4 shadow imps
  2 adder skeletons
  An adder zombie (D:8)
  3 worms
  3 dart slugs
  8 leopard geckos
  66 orcs
  A ball python (D:4)
  9 giant cockroaches
  A gnoll zombie (Ossuary)
  25 goblins
  33 hobgoblins
  5 jackals
  4 quokkas
  8 bats
  4 frilled lizards
  2 hobgoblin zombies (Ossuary)
  13 kobolds
  A kobold zombie (Ossuary)
  3 orc zombies (Ossuary)
  A quokka skeleton (D:4)
  A quokka zombie (D:6)
  7 rats
  A fungus (D:1)
1216 creatures vanquished.

Vanquished Creatures (others)
  An eldritch tentacle (Spider:4)
  An entropy weaver (Spider:4)
  A moth of wrath (Spider:4)
  An orb spider (Spider:4)
  A spiny frog (Swamp:3)
  3 jumping spiders (Spider:4)
  3 redbacks (Spider:4)
  2 humans (D:14)
  An orc priest (Orc:2)
  A goblin (D:6)
  6 fungi
  16 plants
  6 starspawn tentacles
43 creatures vanquished.

Grand Total: 1259 creatures vanquished

Notes
Turn   | Place    | Note
-------+----------+-------------------------------------------
     0 | D:1      | funkygono the Minotaur Fighter began the quest for the Orb.
     0 | D:1      | Reached XP level 1. HP: 19/19 MP: 0/0
   174 | D:1      | Reached XP level 2. HP: 26/27 MP: 1/1
   456 | D:1      | Reached XP level 3. HP: 30/33 MP: 2/2
   459 | D:1      | Reached skill level 4 in Shields
  1105 | D:2      | Reached XP level 4. HP: 40/40 MP: 3/3
  1330 | D:2      | Found a bloodstained altar of Trog.
  1919 | D:3      | Reached skill level 1 in Dodging
  2712 | D:4      | Noticed Blork the orc
  2722 | D:4      | Killed Blork the orc
  2722 | D:4      | Reached XP level 5. HP: 47/47 MP: 4/4
  2779 | D:4      | Reached skill level 5 in Maces & Flails
  2779 | D:4      | Reached XP level 6. HP: 48/53 MP: 5/5
  2819 | D:4      | Found a staircase to the Ecumenical Temple.
  2825 | Temple   | Entered the Ecumenical Temple
  2958 | Temple   | Became a worshipper of the Shining One
  3028 | D:4      | Reached skill level 5 in Fighting
  3115 | D:4      | Noticed Duvessa
  3119 | D:4      | Noticed Dowan
  3125 | D:4      | Killed Duvessa
  3134 | D:4      | Killed Dowan
  3134 | D:4      | Reached skill level 5 in Armour
  3134 | D:4      | Reached skill level 5 in Shields
  3134 | D:4      | Reached XP level 7. HP: 47/61 MP: 4/6
  3666 | D:5      | Entered Level 5 of the Dungeon
  3801 | D:5      | Reached * piety under the Shining One
  4325 | D:6      | Reached XP level 8. HP: 69/70 MP: 7/7
  4373 | D:6      | Reached skill level 6 in Shields
  4660 | D:6      | Found a runed translucent door.
  4660 | D:6      | Noticed billymom2's ghost (novice HOFi)
  4673 | D:6      | Killed billymom2's ghost
  4673 | D:6      | Reached skill level 1 in Stealth
  4692 | D:6      | Found a runed translucent door.
  4773 | D:6      | Reached skill level 7 in Shields
  5029 | D:6      | Reached XP level 9. HP: 78/79 MP: 8/8
  6075 | D:7      | Reached skill level 10 in Maces & Flails
  6083 | D:7      | Reached ** piety under the Shining One
  6201 | D:7      | Reached skill level 8 in Shields
  6252 | D:7      | Found a hide-covered altar of Uskayaw.
  6583 | D:7      | Reached skill level 9 in Shields
  6752 | D:8      | Noticed Grum
  6759 | D:8      | Killed Grum
  6763 | D:8      | Reached XP level 10. HP: 87/88 MP: 9/9
  6976 | D:8      | Found a sand-covered staircase.
  6981 | Ossuary  | Entered an ossuary
  6989 | Ossuary  | Reached *** piety under the Shining One
  7296 | D:8      | Found a staircase to the Lair.
  7297 | D:8      | Noticed an elephant
  7318 | D:8      | Killed an elephant
  7518 | D:8      | Reached **** piety under the Shining One
  7919 | D:8      | Upgraded the game from 0.25.1-1-g288607f5aa to
                  | 0.25.1-2-g60ff931df9
  7958 | Lair:1   | Entered Level 1 of the Lair of Beasts
  8050 | Lair:1   | Reached skill level 10 in Shields
  8347 | Lair:1   | Noticed a black mamba
  8356 | Lair:1   | Killed a black mamba
  8469 | Lair:1   | Noticed a spiny frog
  8472 | Lair:1   | Noticed a six-headed hydra
  8476 | Lair:1   | Killed a spiny frog
  8476 | Lair:1   | Reached XP level 11. HP: 91/97 MP: 5/10
  8487 | Lair:1   | Killed a six-headed hydra
  8864 | Lair:2   | Noticed a six-headed hydra
  8873 | Lair:2   | Killed a six-headed hydra
  8900 | Lair:2   | Noticed a six-headed hydra
  8911 | Lair:2   | Killed a six-headed hydra
  8911 | Lair:2   | Reached skill level 1 in Invocations
  9043 | Lair:2   | Reached skill level 10 in Fighting
  9221 | Lair:2   | Reached skill level 11 in Shields
  9391 | Lair:2   | Noticed an oklob plant
  9418 | Lair:2   | Killed an oklob plant
 10489 | Lair:2   | Found a staircase to the Swamp.
 10637 | Lair:3   | Reached XP level 12. HP: 110/110 MP: 12/12
 10830 | Lair:3   | Reached skill level 10 in Armour
 10966 | Lair:3   | Reached skill level 12 in Shields
 11021 | Lair:3   | Noticed Xiemaice's ghost (journeyman DrFE)
 11024 | Lair:3   | Found a runed translucent door.
 11024 | Lair:3   | Noticed a six-headed hydra
 11029 | Lair:3   | Killed a six-headed hydra
 11233 | Lair:3   | Found a hole to the Spider Nest.
 11376 | Lair:3   | Noticed Urug
 11416 | Lair:3   | Killed Urug
 12346 | Lair:4   | Noticed a six-headed hydra
 12360 | Lair:4   | Killed a six-headed hydra
 12360 | Lair:4   | Reached skill level 15 in Maces & Flails
 12614 | Lair:4   | Found a runed translucent door.
 12615 | Lair:4   | Noticed a four-headed hydra
 12615 | Lair:4   | Noticed Fifowuza's ghost (journeyman DrTm)
 13203 | Lair:5   | Reached skill level 13 in Shields
 13247 | Lair:5   | Reached XP level 13. HP: 108/119 MP: 11/13
 13406 | Lair:5   | Found a staircase to the Slime Pits.
 13507 | Lair:5   | Found a viscous altar of Jiyva.
 13702 | Lair:5   | Found a snail-covered altar of Cheibriados.
 14154 | Lair:6   | Entered Level 6 of the Lair of Beasts
 14403 | Lair:6   | Reached skill level 1 in Slings
 15103 | Lair:6   | Reached skill level 14 in Shields
 15341 | Lair:6   | Got a transparent morningstar
 15342 | Lair:6   | Identified the +3 morningstar of Ysmats {vamp, +Fly} (You
                  | found it on level 6 of the Lair of Beasts)
 16108 | Lair:6   | Found a runed translucent door.
 16116 | Lair:6   | Noticed a fire dragon
 16128 | Lair:6   | Killed a fire dragon
 16144 | Lair:6   | Paralysed by a hornet for 3 turns
 16423 | Lair:6   | Reached XP level 14. HP: 118/132 MP: 10/14
 17103 | D:9      | Got a fine ring mail
 17114 | D:9      | Identified the +3 ring mail of the Blessed Realm {rElec
                  | Int-2 Dex+5 SInv} (You found it on level 9 of the Dungeon)
 17382 | D:9      | Got an encrusted mace
 17383 | D:9      | Identified the +2 mace of Dukoug {drain, rN++ Dex-3} (You
                  | found it on level 9 of the Dungeon)
 17775 | D:10     | Entered Level 10 of the Dungeon
 17992 | D:10     | Reached skill level 5 in Slings
 18403 | D:10     | Reached ***** piety under the Shining One
 19037 | D:10     | Identified a scroll of acquirement
 19037 | D:10     | Acquired a scarf of harm
 19932 | D:11     | Reached ****** piety under the Shining One
 20439 | Spider:1 | Entered Level 1 of the Spider Nest
 20813 | Spider:1 | Reached skill level 15 in Fighting
 21103 | Spider:1 | Reached skill level 5 in Dodging
 21410 | Spider:1 | Noticed an entropy weaver
 21438 | Spider:1 | Killed an entropy weaver
 21439 | Spider:1 | Reached skill level 15 in Shields
 22605 | Spider:2 | Got a polished ring mail
 22616 | Spider:2 | Identified the cursed +1 ring mail "Losch" {Str+3} (You
                  | found it on level 2 of the Spider Nest)
 22788 | Spider:2 | Reached XP level 15. HP: 32/141 MP: 12/15
 22987 | Spider:2 | Noticed Arachne
 24470 | Spider:2 | Killed Arachne
 25719 | Spider:2 | Acquired a +2 hat
 26043 | Spider:3 | Reached skill level 16 in Shields
 28572 | D:12     | Found a staircase to the Orcish Mines.
 28684 | D:12     | Found a roughly hewn altar of Beogh.
 28980 | D:12     | Reached skill level 10 in Slings
 29027 | Orc:1    | Entered Level 1 of the Orcish Mines
 29542 | Orc:1    | Reached XP level 16. HP: 152/152 MP: 17/17
 30055 | Orc:2    | Entered Level 2 of the Orcish Mines
 30055 | Orc:2    | Found a staircase to the Elven Halls.
 30253 | Orc:2    | Noticed Erolcha
 30270 | Orc:2    | Killed Erolcha
 30295 | Orc:2    | Noticed Azrael
 30305 | Orc:2    | Killed Azrael
 30797 | Orc:2    | Found Rutykkung's Book Boutique.
 30797 | Orc:2    | Found Rannun's Distillery.
 30800 | Orc:2    | Found Doikh's General Store.
 30803 | Orc:2    | Found Nuqyul's Weapon Shop.
 30809 | Orc:2    | Bought the +6 whip of Fundamental Breach {vorpal, rC+ MR++
                  | Dex+5} for 1132 gold pieces
 31703 | Lair:3   | Killed Xiemaice's ghost
 31887 | Lair:4   | Killed Fifowuza's ghost
 32026 | Spider:4 | Entered Level 4 of the Spider Nest
 32489 | Spider:4 | Reached skill level 17 in Shields
 33844 | Spider:4 | Got a gossamer rune of Zot
 34181 | Spider:4 | Noticed Aizul
 34212 | Spider:4 | Killed Aizul
 34885 | Spider:4 | Found a runed translucent gate.
 34885 | Spider:4 | Found a runed translucent gate.
 34885 | Spider:4 | Found a runed translucent gate.
 34887 | Spider:4 | Noticed Enish's ghost (journeyman DDFi)
 35298 | Spider:4 | Gained mutation: Your body sometimes deteriorates upon
                  | taking damage. [mutagenic glow]
 35352 | Spider:4 | Gained mutation: You are dopey. (Int -2) [mutagenic glow]
 35417 | Spider:4 | Killed Enish's ghost
 35475 | Spider:4 | Got a scorched cloak
 35486 | Spider:4 | Identified the cursed +0 cloak "Gaith" {Int+6 Dex+2} (You
                  | found it on level 4 of the Spider Nest)
 35881 | Swamp:1  | Entered Level 1 of the Swamp
 35911 | Swamp:1  | Reached XP level 17. HP: 158/161 MP: 15/19
 36114 | Swamp:1  | Reached skill level 18 in Shields
 37297 | Swamp:2  | Noticed Donald
 37368 | Swamp:2  | Killed Donald
 38630 | Swamp:3  | Reached skill level 5 in Invocations
 38667 | Swamp:3  | Noticed Nikola
 38690 | Swamp:3  | Got a smoking flail
 38691 | Swamp:3  | Identified the +6 flail of Understanding {flame, Dex-2 SInv
                  | Stlth+} (You found it on level 3 of the Swamp)
 39215 | Swamp:3  | Found an iron altar of Okawaru.
 39469 | Swamp:3  | Killed Nikola
 40156 | Swamp:4  | Entered Level 4 of the Swamp
 40156 | Swamp:4  | Identified Roxanne's Compendium of Stones
 40156 | Swamp:4  | Noticed Roxanne
 41763 | Swamp:3  | Reached skill level 19 in Shields
 42272 | Swamp:4  | Got a decaying rune of Zot
 42642 | Swamp:4  | Killed Roxanne
 43360 | D:13     | Reached XP level 18. HP: 172/172 MP: 21/21
 43478 | D:13     | Found Kohoupn's Magic Scroll Boutique.
 43996 | D:14     | Found a gate to the Vaults.
 44212 | D:14     | Noticed Kirke
 44221 | D:14     | Killed Kirke
 44729 | D:14     | Reached skill level 10 in Dodging
 44787 | D:15     | Entered Level 15 of the Dungeon
 44809 | D:15     | Noticed Louise
 44841 | D:15     | Killed Louise
 45244 | D:15     | Identified the Handbook of Attacks and Moulding
 45408 | D:15     | Found Ritsatz's Assorted Antiques.
 45555 | D:15     | Found a staircase to the Depths.
 45772 | Depths:1 | Entered Level 1 of the Depths
 45780 | Depths:1 | Noticed a lich
 45804 | Depths:1 | Killed a lich
 45815 | Depths:1 | Cast into level 2 of the Abyss (hell knight)
 45925 | Abyss:2  | Paralysed by accursed screaming for 2 turns
 46054 | Abyss:3  | Found a corrupted altar of Lugonu.
 46166 | Abyss:3  | HP: 7/173 [starcursed mass/accursed screaming (6)]
 46198 | Abyss:3  | HP: 8/173 [starcursed mass/accursed screaming (5)]
 46202 | Abyss:3  | Killed from afar by a starcursed mass

Illustrated notes

Levels and vault maps discovered:
D:1:      dpeg_arrival_prison, layout_loops_ring, st_stairs_4
D:2:      layout_basic, bloody_trog, first_ration
D:3:      layout_basic, guppyfry_early_lair_pool
D:4:      layout_basic, minmay_temple_entry_enclosed_plants, uniq_blork_the_orc,
          uniq_duvessa
D:5:      layout_rooms
D:6:      minmay_goblin_kobold_castle, layout_layer_cave, ebering_ghost_sewer_f
D:7:      layout_cave_pools, basic_altar, grunt_livestock, st_stairs_5,
          minmay_misc_feat_pillars, kennysheep_generic_room_10
D:8:      minmay_diamond_stairs, layout_basic, david_lair_generic,
          enter_ossuary_2, st_stairs_3, uniq_grum
D:9:      layout_basic, serial_glass, glass_columns_c, glass_columns_a,
          due_unseen_surprise, minmay_strange_pillars, minmay_strange_pillars,
          feat_on_display
D:10:     nzn_motion_control, layout_basic, eino_tiny_chamber, st_stairs_13,
          minmay_quadrilaterals
D:11:     hangedman_screamer, layout_irregular_city
D:12:     layout_loops_ring, minmay_orc_entry_temple_small
D:13:     layout_loops_cross, serial_shops, shop, feat_on_display
D:14:     layout_basic, erik_vaults_2, serial_curves, eino_curves_01,
          eino_curves_02, uniq_kirke
D:15:     grunt_enter_depths_snipers, layout_basic, serial_shops,
          nicolae_shop_statue_plus, minivault_25, uniq_louise
Temple:   kilobyte_greek_temple
Lair:1:   layout_misc_corridors, chequers_serial_rivers_marsh,
          cheibrodos_lair_lostbears
Lair:2:   layout_big_grid, palyth_hydra_swamp_entry,
          nicolae_lair_grove_arrangements, serial_bayou_lake_a
Lair:3:   layout_roguey, nicolae_spider_entry_tight_spaces,
          gauntlet_entry_generic, hellmonk_ghost_happy_afterlife,
          grunt_megastairs_4, infiniplex_staircase_pool_2, uniq_urug
Lair:4:   layout_long_grid, ebering_ghost_inner_flame,
          chequers_serial_rivers_micro_d, st_stairs_12
Lair:5:   layout_misc_corridors, slime_altar_1, kennysheep_snail_temple,
          grunt_megastairs_2
Lair:6:   wormcave, layout_small_grid, hangedman_lair_in_review,
          serial_bayou_shore_a
Swamp:1:  layout_basic_swamp, evilmike_swamp_ruin_wall
Swamp:2:  layout_basic_swamp, evilmike_swamp_ruin_house_2, swamp_pool1,
          cheibrodos_swamp_pet_leeches, uniq_donald
Swamp:3:  cheibrodos_swamp_heart_of_darkness, layout_basic_swamp,
          lemuel_altar_in_water, uniq_nikola
Swamp:4:  swamp_alternative, layout_basic_swamp, uniq_roxanne
Spider:1: layout_spider_delve
Spider:2: layout_spider_delve, nicolae_spider_cling_ruins, uniq_arachne
Spider:3: layout_spider_delve, drop_trap
Spider:4: grunt_spider_rune_circles, gammafunk_ghost_tricky_traps, uniq_aizul
Orc:1:    nicolae_orc_accident_1, layout_caves, mines4_lemuel
Orc:2:    st_orc_mages, layout_diamond_mine, uniq_erolcha, uniq_azrael
Depths:1: layout_cave_pools, pf_coc_iceberg, minmay_room_of_horrors,
          serial_shops, kennysheep_mini, serial_rivers,
          chequers_serial_rivers_micro_c, chequers_serial_rivers_small_b,
          chequers_serial_rivers_small_b, chequers_serial_rivers_marsh,
          chequers_serial_rivers_micro_a, chequers_serial_rivers_micro_d,
          st_stairs_8, hangedman_blasphemy
Abyss:3:  base: D:9, evilmike_abyss_exit_10

Skill      XL: |  1  2  3  4  5  6  7  8  9 10 11 12 13 14 15 16 17 18 |
---------------+-------------------------------------------------------+-----
Armour         | 4 5 6 8 9 10 11 12 | 12.9
Fighting       | 4 5 6 7 8 9 11 12 14 15 16 17 18 | 18.4
Shields        | 4 5 7 9 10 11 13 14 15 16 17 19 | 19.8
Maces & Flails | 3 4 5 6 7 9 10 13 14 15 16 17 | 17.4
Dodging        | 1 2 3 5 7 8 9 10 | 10.3
Stealth        | 1 |  1.4
Invocations    | 1 2 3 4 6 |  6.6
Slings         | 4 8 10 11 12 13 | 13.1
Evocations     | |  0.4

Action                   |  1- 3 |  4- 6 |  7- 9 | 10-12 | 13-15 | 16-18 || total
-------------------------+-------+-------+-------+-------+-------+-------++-------
Melee: Flail             |   107 |    64 |     8 |   692 |  1311 |   154 ||  2336
       Headbutt          |    16 |    23 |    55 |   160 |   361 |   677 ||  1292
       Mace              |       |    75 |   313 |       |       |       ||   388
       Whip              |       |       |       |       |       |  1842 ||  1842
 Fire: Hunting sling     |       |       |       |       |   745 |   516 ||  1261
       Fustibalus        |       |       |       |       |       |   186 ||   186
Throw: Stone             |       |       |       |       |    25 |    22 ||    47
Invok: Divine Shield     |       |       |       |     7 |    28 |    29 ||    64
       Cleansing Flame   |       |       |       |       |     2 |     6 ||     8
Evoke: Wand              |       |     2 |       |     1 |       |       ||     3
  Use: Scroll            |     1 |     9 |     8 |     8 |    17 |     6 ||    49
       Potion            |       |       |       |       |    21 |     4 ||    25
  Eat: Chunk             |     1 |     6 |    13 |    16 |    29 |    35 ||   100
       Ration            |       |       |       |     2 |     7 |     6 ||    15
Armor: Scale mail        |    46 |     2 |       |       |       |       ||    48
       Plate armour      |       |    94 |   189 |   323 |   175 |       ||   781
       Ring mail         |       |       |       |       |   469 |    44 ||   513
       Acid dragon scale |       |       |       |       |       |   185 ||   185
       Swamp dragon scal |       |       |       |       |       |   282 ||   282
Dodge: Dodged            |    40 |    22 |    53 |   118 |   534 |   708 ||  1475
Block: Kite shield       |    60 |    75 |   190 |   380 |  1191 |  1614 ||  3510
       Reflection        |       |       |       |       |       |    34 ||    34
